 Dungeon Crawl Stone Soup version 0.22-a0-374-g5dfd9e3 (webtiles) character file.

63 iamserjio the Firebug (level 3, 0/24 HPs)
             Began as a Demonspawn Fire Elementalist on Apr 26, 2018.
             Slain by a leopard gecko (4 damage)
             ... on level 2 of the Dungeon.
             The game lasted 00:07:03 (1329 turns).

iamserjio the Firebug (DsFE)                        Turns: 1329, Time: 00:07:03

Health: 0/24       AC:  3    Str:  8    XL:     3   Next: 87%
Magic:  3/7        EV: 12    Int: 22    God:
Gold:   56         SH:  0    Dex: 13    Spells: 6/7 levels left

rFire    . . .     SeeInvis .   b - +0 mace
rCold    . . .     Gourm    .   (no shield)
rNeg     . . .     Faith    .   a - +0 robe
rPois    .         Spirit   .   (helmet restricted)
rElec    .         Reflect  .   (no cloak)
rCorr    .         Harm     .   j - +0 pair of gloves
MR       .....                  (no boots)
Stlth    ++........             (no amulet)
HPRegen  0.08/turn              (no ring)
MPRegen  0.10/turn              (no ring)

@: brilliant, lethally poisoned (0 -> -4), flying
A: claws 1, horns 1
a: no special abilities


You were on level 2 of the Dungeon.
You were not hungry.

You visited 1 branch of the dungeon, and saw 2 of its levels.

You collected 56 gold pieces.

Inventory:

Hand Weapons
 b - a +0 mace (weapon)
Armour
 a - a +0 robe (worn)
 j - a +0 pair of gloves (worn)
Jewellery
 d - an uncursed ring of protection from fire {unknown}
 k - a +5 ring of protection {unknown}
Scrolls
 g - a scroll of amnesia {unknown}
 h - a scroll of immolation {unknown}
 l - 3 scrolls of identify {unknown}
 m - a scroll of enchant weapon {unknown}
Comestibles
 c - 3 rations
 i - 3 chunks of flesh


   Skills:
 - Level 1.7 Dodging
 - Level 1.7 Stealth
 + Level 2.7 Spellcasting
 + Level 2.2 Conjurations
 + Level 3.3 Fire Magic


You had 6 spell levels left.
You knew the following spells:

 Your Spells              Type           Power        Failure   Level  Hunger
a - Flame Tongue          Conj/Fire      ####.        1%          1    None


Dungeon Overview and Level Annotations

Branches:
Dungeon (2/15)

Altars:


Innate Abilities, Weirdness & Mutations

You have sharp fingernails.
You have a pair of small horns on your head.


Message History

You feel very buoyant.
You fly up into the air.
There is a lethal amount of poison in your body!
* * * LOW HITPOINT WARNING * * *
You feel sick.
* * * LOW HITPOINT WARNING * * *
You feel sick.
You aren't carrying any potions.
* * * LOW HITPOINT WARNING * * *
You feel sick.
You see here an adder corpse.
A leopard gecko comes into view.
A giant cockroach comes into view.
* * * LOW HITPOINT WARNING * * *
You feel sick.
You closely miss the leopard gecko.
The leopard gecko hisses angrily.
The leopard gecko bites you but does no damage.
The leopard gecko bites you.
You die...

.........+.........#
.........#.#######.#
.........#.#######
##########.......#
#######.# #†# #.#
#.# #@# ..s...l.#
......... ..........
...........
...........#
...........#
...........#


You could see a leopard gecko and a giant cockroach.

Vanquished Creatures
  4 adders (D:2)
  2 leopard geckos (D:1)
  3 giant cockroaches
  2 goblins (D:1)
  3 hobgoblins
  3 bats
  3 frilled lizards
  3 kobolds
  5 rats
28 creatures vanquished.

Notes
Turn   | Place    | Note
-------+----------+-------------------------------------------
     0 | D:1      | iamserjio the Demonspawn Fire Elementalist began the quest for the Orb.
     0 | D:1      | Reached XP level 1. HP: 13/13 MP: 3/3
   221 | D:1      | Gained mutation: You have a pair of small horns on your head. [demonic ancestry]
   221 | D:1      | Reached XP level 2. HP: 4/19 MP: 0/5
   664 | D:1      | Reached skill level 3 in Fire Magic
  1101 | D:2      | Gained mutation: You have sharp fingernails. [demonic ancestry]
  1101 | D:2      | Reached XP level 3. HP: 24/24 MP: 3/6
  1329 | D:2      | Slain by a leopard gecko

Vault maps used:
D:1:      ncdulo_watergridlock
D:2:      first_ration

Skill      XL: |  1  2  3 |
---------------+----------+-----
Fire Magic     | 3 |  3.3
Conjurations   | 2 |  2.2
Dodging        | |  1.7
Stealth        | |  1.7
Spellcasting   | |  2.7

Action                   || total
-------------------------++-------
Melee: Mace              ||    26
       Headbutt          ||     5
 Cast: Flame Tongue      ||    41
  Use: Potion            ||     2
 Stab: Sleeping          ||     1
  Eat: Chunk             ||     2
Armor: Robe              ||     6
Dodge: Dodged            ||    24

Table legend:
 A = Spawn XP
 B = Non-spawn XP
 C = Spawn XP percentage of total XP
 D = Spawn monster count
 E = Non-spawn monster count
 F = Spawn count percentage of total count
 G = Total turns spent on level
                    A         B        C        D         E        F      G
               +---------+---------+-------+---------+---------+-------+---------
         Total |       0 |      90 |   0.0 |       0 |      28 |   0.0 |  1329
               +---------+---------+-------+---------+---------+-------+---------
           D:1 |       0 |      24 |   0.0 |       0 |      15 |   0.0 |  1054
           D:2 |       0 |      66 |   0.0 |       0 |      13 |   0.0 |   275
               +---------+---------+-------+---------+---------+-------+---------
